 Dungeon Sprint DCSS version 0.21.0-24-g2553a33 (webtiles) character file.

2118 letownia2 the Grappler (level 9, -15/89 HPs)
             Began as a Troll Wizard on Jan 20, 2018.
             Was an Initiate of Gozag.
             Killed from afar by an orc sorcerer (38 damage)
             ... with a bolt of fire
             ... in the Dungeon (Sprint III: "The Ten Rune Challenge").
             The game lasted 00:04:40 (786 turns).

letownia2 the Grappler (Troll Wizard)                Turns: 786, Time: 00:04:41

Health: -15/89     AC:  7    Str: 17    XL:     9   Next: 8%
Magic:  8/14       EV:  9    Int: 17    God:    Gozag
Gold:   1185       SH:  0    Dex:  8    Spells: 7/16 levels left

rFire    . . .     SeeInvis .     - Unarmed
rCold    . . .     Gourm    +   (no shield)
rNeg     . . .     Faith    .   l - +2 robe {Archmagi}
rPois    .         Spirit   .   b - +0 hat
rElec    .         Reflect  .   (no cloak)
rCorr    .         Harm     .   (gloves unavailable)
MR       .....     NoTele   +   (boots unavailable)
Stlth    +.........             (no amulet)
HPRegen  0.64/turn              (no ring)
MPRegen  0.14/turn              (no ring)

@: gold aura
A: large, unfitting armour, claws 3, fast metabolism 3, gourmand, regeneration
1, shaggy fur 1, tough skin 2
a: Potion Petition, Call Merchant, Bribe Branch, Renounce Religion


You were in the Dungeon.
You worshipped Gozag.
Gozag was most pleased with you.
You were full.

You visited 1 branch You collected 1185 gold pieces.

Inventory:

Armour
 b - a +0 hat (worn)
 l - a +2 robe of the Archmagi (worn)
Scrolls
 a - 2 scrolls of remove curse {unknown}
 j - a scroll of blinking
 m - 2 scrolls of holy word {unknown}
 n - 4 scrolls of identify
Potions
 e - a potion of curing
 f - a potion of heal wounds
 g - a potion of haste
 h - 3 potions of magic
 i - a potion of berserk rage
 k - 5 potions of mutation
 o - 2 potions of flight
Books
 c - a book of Minor Magic

   Spells                             Type                      Level
   a - Magic Dart                     Conjuration                  1
   b - Blink                          Translocation                2
   c - Call Imp                       Summoning                    2
   d - Slow                           Hexes                        2
   e - Conjure Flame                  Conjuration/Fire             3
   f - Mephitic Cloud                 Conjuration/Poison/Air       3
Miscellaneous
 p - a phantom mirror
Comestibles
 d - 3 rations


   Skills:
 - Level 6.1 Fighting
 - Level 1.5 Dodging
 - Level 1.0 Stealth
 + Level 13.7 Unarmed Combat
 - Level 4.0 Spellcasting
 - Level 4.7 Conjurations
   Level 0.6 Summonings
 - Level 3.4 Translocations
 - Level 3.3 Fire Magic
 - Level 3.4 Air Magic
 - Level 3.6 Poison Magic


You had 7 spell levels left.
You knew the following spells:

 Your Spells              Type           Power        Failure   Level  Hunger
a - Magic Dart            Conj           ####         2%          1    None
b - Blink                 Tloc           N/A          5%          2    ##.....
c - Conjure Flame         Conj/Fire      ####....     9%          3    ###....
e - Mephitic Cloud        Conj/Pois/Air  ####....     10%         3    ###....


Dungeon Overview and Level Annotations

Branches:
Dungeon (1/1)

Altars:
Cheibriados
Dithmenos
Elyvilon
Fedhas
Gozag
Hepliaklqana
Kikubaaqudgha
Makhleb
Nemelex Xobeh
Okawaru
Qazlal
Ru
Sif Muna
Trog
Uskayaw
Vehumet
Wu Jian
Xom
Yredelemnul
Zin
The Shining One
Beogh
Jiyva
Lugonu


Innate Abilities, Weirdness & Mutations

You are too large for most types of armour.
You have claws for hands.
Your metabolism is lightning-fast.
You like to eat raw meat.
Your natural rate of healing is unusually fast.
You are covered in fur. (AC +1)
You have very tough skin. (AC +2)


Message History

The orc sorcerer is heavily wounded.
The orc sorcerer hits you but does no damage.
The red devil hits you from afar with a demon trident of flaming!!
The red devil burns you!
You claw the orc sorcerer!
The orc sorcerer is almost dead.
The orc sorcerer hits you but does no damage.
The red devil hits you from afar with a demon trident of flaming!
* * * LOW HITPOINT WARNING * * *
The red devil burns you.
* * * LOW HITPOINT WARNING * * *
Unknown command.
Unknown command.
Unknown command.
You completely miss the orc sorcerer.
The orc sorcerer is almost dead.
The orc sorcerer gestures at you while chanting.
The bolt of fire hits you!
You die...
Your body crumbles into a pile of gold.

#.......#..#..#)..#__.#._#..o
##.##...#..#..###'#'###)##o$
##.###..##'#..#..........#..
###.##..###...'.⌠.....o4.#$# $
#.[##..####...#...######'#o# $$
.÷.##..###....#.⌠.#__#...#'#### #
..##...##.....#4..#__#§.o#....#.#
.##...)#......#o###__#..o##)#..#
###..##)#)....#.@.#__#...o##)#.#
# #..#####....#___#__'...#.o.# .#
▓ ▓▓▓▓ ▓▓▓▓▓▓▓▓▓▓▓▓▓▓▓▓▓▓▓▓▓ ▓ $


You could see an orc sorcerer and a red devil.

Vanquished Creatures
  An orc knight (D)
  A deep elf mage (D)
  A shadow (D)
  A spatial vortex (D)
  3 orc warriors (D)
  A necrophage (D)
  3 two-headed ogres (D)
  A water elemental (D)
  A scorpion (D)
  A jelly (D)
  An orc wizard (D)
  Jessica (D)
  A wizard (D)
  A necromancer (D)
  3 humans (D)
  A kobold demonologist (D)
  2 oozes (D)
24 creatures vanquished.

Vanquished Creatures (others)
  2 draconian scorchers (D)
  6 hellions (D)
  A yaktaur (D)
9 creatures vanquished.

Grand Total: 33 creatures vanquished

Notes
Turn   | Place    | Note
-------+----------+-------------------------------------------
     0 | D        | letownia2 the Troll Wizard began the quest for the Orb.
     0 | D        | Reached XP level 1. HP: 16/16 MP: 2/2
    12 | D        | Reached skill level 1 in Fighting
    12 | D        | Reached skill level 2 in Unarmed Combat
    21 | D        | Reached skill level 3 in Unarmed Combat
    21 | D        | Reached XP level 2. HP: 20/28 MP: 4/4
    27 | D        | Noticed Jessica
    50 | D        | Killed Jessica
    50 | D        | Reached skill level 5 in Unarmed Combat
    50 | D        | Reached XP level 3. HP: 36/36 MP: 5/5
    93 | D        | Learned a level 3 spell: Mephitic Cloud
   122 | D        | Reached skill level 1 in Conjurations
   122 | D        | Reached skill level 1 in Air Magic
   122 | D        | Reached skill level 1 in Poison Magic
   144 | D        | Killed a hellion
   147 | D        | Killed a yaktaur
   155 | D        | Killed a hellion
   156 | D        | Killed a hellion
   157 | D        | Killed a hellion
   164 | D        | Killed a white draconian scorcher
   165 | D        | Noticed a scorpion
   168 | D        | Killed a scorpion
   168 | D        | Reached XP level 4. HP: 44/44 MP: 4/8
   173 | D        | Learned a level 3 spell: Conjure Flame
   176 | D        | Learned a level 2 spell: Blink
   177 | D        | Killed a hellion
   178 | D        | Killed a hellion
   189 | D        | Killed a white draconian scorcher
   198 | D        | Noticed a water elemental
   201 | D        | Killed a water elemental
   201 | D        | Reached skill level 1 in Translocations
   201 | D        | Reached skill level 1 in Fire Magic
   201 | D        | Reached XP level 5. HP: 52/52 MP: 5/10
   241 | D        | Found a glowing silver altar of Zin.
   241 | D        | Found a glowing golden altar of the Shining One.
   241 | D        | Found a white marble altar of Elyvilon.
   242 | D        | Noticed a deep elf mage
   258 | D        | Killed a deep elf mage
   258 | D        | Reached skill level 7 in Unarmed Combat
   258 | D        | Reached XP level 6. HP: 50/59 MP: 5/11
   258 | D        | Reached XP level 7. HP: 56/66 MP: 5/12
   298 | D        | Reached skill level 8 in Unarmed Combat
   299 | D        | Noticed a shadow
   305 | D        | Killed a shadow
   305 | D        | Reached skill level 9 in Unarmed Combat
   335 | D        | Found a blossoming altar of Fedhas.
   335 | D        | Found a stormy altar of Qazlal.
   335 | D        | Found a snail-covered altar of Cheibriados.
   335 | D        | Found a burning altar of Makhleb.
   335 | D        | Found a shimmering altar of Xom.
   336 | D        | Found a hazy altar of Hepliaklqana.
   336 | D        | Found an opulent altar of Gozag.
   336 | D        | Found a sparkling altar of Nemelex Xobeh.
   336 | D        | Found a corrupted altar of Lugonu.
   336 | D        | Found a viscous altar of Jiyva.
   336 | D        | Noticed a spatial vortex
   340 | D        | Became a worshipper of Gozag Ym Sagoz the Greedy
   354 | D        | Killed a spatial vortex
   354 | D        | Reached skill level 10 in Unarmed Combat
   422 | D        | Found a radiant altar of Vehumet.
   423 | D        | Found a deep blue altar of Sif Muna.
   423 | D        | Found an ancient bone altar of Kikubaaqudgha.
   442 | D        | Found a hide-covered altar of Uskayaw.
   442 | D        | Found a roughly hewn altar of Beogh.
   442 | D        | Found an iron altar of Okawaru.
   442 | D        | Found a bloodstained altar of Trog.
   442 | D        | Found an ornate altar of the Wu Jian Council.
   442 | D        | Noticed a human
   442 | D        | Noticed a human
   449 | D        | Killed a human
   449 | D        | Reached skill level 11 in Unarmed Combat
   449 | D        | Reached XP level 8. HP: 74/74 MP: 6/13
   463 | D        | Found a basalt altar of Yredelemnul.
   463 | D        | Found a shadowy altar of Dithmenos.
   463 | D        | Found a sacrificial altar of Ru.
   466 | D        | Reached skill level 12 in Unarmed Combat
   593 | D        | Noticed an orc knight
   761 | D        | Killed an orc knight
   761 | D        | Reached skill level 13 in Unarmed Combat
   761 | D        | Reached XP level 9. HP: 89/89 MP: 11/14
   771 | D        | Noticed an orc sorcerer
   772 | D        | Noticed a red devil
   786 | D        | Killed from afar by an orc sorcerer

Skill      XL: |  1  2  3  4  5  6  7  8 |
---------------+-------------------------+-----
Fighting       | 1 2 6 |  6.1
Unarmed Combat | 3 5 7 11 13 | 13.7
Conjurations   | 1 2 3 4 |  4.7
Air Magic      | 1 3 |  3.4
Poison Magic   | 1 3 |  3.6
Spellcasting   | 3 4 |  4.0
Translocations | 1 3 |  3.4
Fire Magic     | 1 3 |  3.3
Dodging        | |  1.5
Stealth        | |  1.0
Summonings     | |  0.6

Action                   |  1- 3 |  4- 6 |  7- 9 || total
-------------------------+-------+-------+-------++-------
Melee: Unarmed           |    23 |    11 |    67 ||   101
       Punch             |       |     1 |     4 ||     5
 Cast: Conjure Flame     |       |     1 |     4 ||     5
       Mephitic Cloud    |       |     2 |     9 ||    11
       Blink             |       |       |     1 ||     1
 Stab: Sleeping          |     1 |       |       ||     1
       Confused          |       |       |     2 ||     2
  Eat: Chunk             |     2 |       |     2 ||     4
       Ration            |       |       |     2 ||     2
Armor: Robe              |     6 |       |     5 ||    11
Dodge: Dodged            |     5 |     1 |     4 ||    10
